 Dungeon Crawl Stone Soup version 0.28.0 (webtiles) character file.

Game seed: 8339932948905514702

203 BorgnjorsVileCrotch the Chopper (level 5, 32/46 HPs)
             Began as a Deep Dwarf Fighter on Feb 8, 2022.
             Was a Follower of Sif Muna.
             Quit the game on level 3 of the Dungeon.
             The game lasted 00:01:23 (265 turns).

BorgnjorsVileCrotch the Chopper (Deep Dwarf Fighter) Turns: 265, Time: 00:01:23

Health: 32/46      AC:  6    Str: 21    XL:     5   Next: 51%
Magic:  5/5        EV:  9    Int:  9    God:    Sif Muna [*.....]
Gold:   24         SH:  4    Dex: 12    Spells: 4/4 levels left

rFire   . . .      SeeInvis .   a - +0 war axe
rCold   . . .      Faith    .   c - +0 buckler
rNeg    . . .      Spirit   .   b - +0 scale mail
rPois   .          Reflect  .   (no helmet)
rElec   .          Harm     .   (no cloak)
rCorr   .          Rampage  .   (no gloves)
Will    .....                   (no boots)
Stlth   ..........              (no amulet)
HPRegen 0.00/turn               (no ring)
MPRegen 0.09/turn               (no ring)

@: no status effects
A: damage resistance, heal wounds, sense surroundings 1, no regeneration
a: Heal Wounds, Renounce Religion, Channel Magic


You were on level 3 of the Dungeon.
You worshipped Sif Muna.
Sif Muna was aware of your devotion.
You visited 1 branch of the dungeon, and saw 3 of its levels.

You collected 24 gold pieces.

Inventory:

Hand Weapons
 a - a +0 war axe (weapon)
Armour
 b - a +0 scale mail (worn)
 c - a +0 buckler (worn)
Scrolls
 g - a scroll of noise {unknown}
Potions
 d - a potion of might {@q3 !q}
 e - a potion of brilliance {unknown}
 f - a potion of degeneration {unknown}


   Skills:
 - Level 2.7 Fighting
 + Level 6.3 Axes
 - Level 3.3 Armour
 - Level 3.3 Shields


You had 4 spell levels left.
You didn't know any spells.
Your spell library was empty.

Dungeon Overview and Level Annotations

Branches:
Dungeon (3/15)

Altars:
Sif Muna
Xom

Shops:
D:2 =


Innate Abilities, Weirdness & Mutations

You are resistant to damage.
You can heal yourself by infusing magical energy.
You passively map a small area around you.
You do not regenerate.


Message History

Grinder is moderately wounded.
Grinder gestures at you. Pain shoots through your body!
Grinder says, "Don't move a muscle."
You block Grinder's attack.
You hit Grinder.
Grinder is heavily wounded.
Grinder hits you but does no damage.
You closely miss Grinder.
Grinder is heavily wounded.
Grinder gestures at you.
You barely resist. You closely miss Grinder.
Grinder is heavily wounded.
Xom smiles on you.
You feel much better. Grinder hits you.
You writhe in agony.
Grinder hits you.
You barely miss Grinder.
Grinder is moderately wounded.
Grinder barely misses you.
You slash Grinder!
Grinder is severely wounded. "Let's try an experiment, hmmm?"
Your eyebrows wriggle.
You block Grinder's attack. Grinder hits you but does no damage.
You hit Grinder.
Grinder is severely wounded.
Grinder rolls her eyes.
You block Grinder's attack.
You hit Grinder.
Grinder is severely wounded.
Grinder says, "There's only one good use for a tongue: cutting it out."
Grinder hits you!
You writhe in agony.
* * * LOW HITPOINT WARNING * * *
Grinder hits you but does no damage.
You hit Grinder.
Grinder is severely wounded. "Go forth and cause havoc, mortal!"
You feel very mighty all of a sudden. Grinder gestures at you.
Pain shoots through your body!
* * * LOW HITPOINT WARNING * * *
You feel much better. Grinder hits you.
You writhe in agony.
You slash Grinder!
You kill Grinder!
Your Axes skill gained 4 levels and is now at level 6!
You have reached level 2!
You have reached level 3!
Your experience leads to an increase in your attributes!
Increase (s)trength, (i)ntelligence, or (d)exterity?
You feel stronger. x2
You have reached level 4!
You feel clever.
You have reached level 5!
e - a fizzy ruby potion
Found 25 bolts.
A quokka comes into view.
The quokka barely misses you. The quokka barely misses you.
You hit the quokka.
The quokka is heavily wounded.
The quokka bites you but does no damage.
You slash the quokka!
You kill the quokka!
Found a sapphire potion.
f - a sapphire potion
Found a spear.
Found a morningstar.
Found a scroll labelled JIEXZOFFYOW.
You feel a little less mighty now.
A ball python comes into view.
The ball python hisses angrily.
You see here a scroll labelled JIEXZOFFYOW.
g - a scroll labelled JIEXZOFFYOW You barely miss the ball python.
The ball python barely misses you. The ball python grabs you.
The ball python constricts you.
The ball python bites you but does no damage.
The ball python constricts you.
You hit the ball python.
You kill the ball python!
You open the door.
There is an open door here.
Found a club.
You see here a +0 club.
You open the door.
Found a faded altar of an unknown god.
There is an open door here.
There is a faded altar of an unknown god here.
You cannot tell which god this altar belongs to.
Convert to them anyway?
Really abandon Xom for an unknown god?
Sif Muna accepts your prayer!
You have lost your religion!
Xom does not appreciate desertion!
Sif Muna welcomes you!
You can now call upon Sif Muna for magical energy.
There is an open door here.
You see here a +0 club.
A goblin comes into view. It is wielding a +0 dagger.
You open the door.
There is an open door here.
Are you sure you want to abandon this character and quit the game? (Confirm with "yes".)

, #.# +*#.#* * #.##.., ,
###..... ,* ...#..# ,
#....# ** , , #..#.###
** # #...@..###
#.#.##.#...#####
##.#...g........########
#....##.###.............
#....##.###.....########
#....#....##....##
#....'....##.....####
#....#....##........###
######....##....###...#


You could see a goblin.

Vanquished Creatures
  Grinder (D:3)
  An endoplasm (D:3)
  A hobgoblin (D:3)
  A quokka (D:3)
  A ball python (D:3)
  2 rats (D:3)
7 creatures vanquished.

Notes
Turn   | Place    | Note
-------+----------+-------------------------------------------
     0 | D:1      | BorgnjorsVileCrotch the Deep Dwarf Fighter began the quest
                  | for the Orb.
     0 | D:1      | Reached XP level 1. HP: 20/20 MP: 1/1
    17 | D:2      | Found Alodai's Jewellery Boutique.
    60 | D:3      | Found a shimmering altar of Xom.
    73 | D:3      | Became a worshipper of Xom of Chaos
    95 | D:3      | Noticed Grinder
   103 | D:3      | Paralysed by Grinder for 5 turns
   114 | D:3      | XOM: potion effect (heal wounds)
   116 | D:3      | XOM: silly message
   119 | D:3      | XOM: potion effect (might)
   121 | D:3      | Killed Grinder
   122 | D:3      | Reached skill level 6 in Axes
   122 | D:3      | Reached XP level 2. HP: 18/27 MP: 2/2
   122 | D:3      | Reached XP level 3. HP: 23/33 MP: 3/3
   122 | D:3      | Reached XP level 4. HP: 28/40 MP: 4/4
   122 | D:3      | Reached XP level 5. HP: 32/46 MP: 5/5
   233 | D:3      | Found a faded altar of an unknown god.
   236 | D:3      | Prayed at the altar of an unknown god.
   236 | D:3      | Fell from the grace of Xom
   236 | D:3      | Became a worshipper of Sif Muna the Loreminder
   236 | D:3      | Reached * piety under Sif Muna
   265 | D:3      | Quit the game

Illustrated notes

Levels and vault maps discovered:
D:1:      heliophobic_arrival_battle_scene, layout_loops_ring, serial_shops,
          shop_fountains
D:2:      layout_loops_corners, serial_shops, nicolae_shop_stone,
          minmay_goblin_outpost
D:3:      kb_forest_paths, layout_basic, mainiacjoe_overflow_cross_hatched,
          shapermc_ecumenical_altar_mp_vishouse, chequers_serial_rivers_small_3,
          serial_bayou_pond_d, minmay_misc_feat_columns, uniq_ijyb, uniq_grinder

Skill      XL: |  1 |
---------------+----+-----
Axes           | 6 |  6.3
Fighting       | |  2.7
Armour         | |  3.3
Shields        | |  3.3

Action                   |  1- 3 |  4- 6 || total
-------------------------+-------+-------++-------
Melee: War axe           |    19 |     4 ||    23
 Abil: Heal Wounds       |     3 |       ||     3
Armor: Scale mail        |     6 |     2 ||     8
Dodge: Dodged            |     3 |     3 ||     6
Block: Buckler           |     6 |       ||     6
